Map: Thunderbird LE

Players

soO

  • Race: Zerg Zerg
  • Spawn Location: 5:00

TSGSolar (Solar) - Winner!

  • Race: Zerg Zerg
  • League: Diamond
  • Spawn Location: 11:00

Event: HomeStory Cup XIX

VOD

Have the link to the VOD?

Description

Time

  • Played on: June 29, 2019, 1:50 p.m.
  • Length: 17:20

All games in this series

Show
View Real Time Build Order
Export as new Build Order

soO Zerg 

Build Orders: Hatch First 

Get SALT Encoding   

  12  0:00  Drone  
  13  0:12  Overlord  
  13  0:17  Drone  
  14  0:30  Drone x2  
  16  0:47  Hatchery  
  15  0:50  Drone  
  15  0:54  Drone  
  18  0:57  Drone  
  18  1:07  Extractor  
  17  1:12  Spawning Pool  
  17  1:15  Drone  
  17  1:19  Drone  
  18  1:28  Drone  
  19  1:39  Drone  
  20  1:49  Overlord  
  20  1:59  Queen x2  
  20  2:00  Drone x2  
  26  2:08  Metabolic Boost  
  26  2:12  Drone x2  
  28  2:22  Drone x2  
  30  2:33  Hatchery  
  30  2:35  Drone  
  30  2:38  Drone  
  31  2:44  Overlord  
  31  2:47  Zergling x2  
  31  2:51  Baneling Nest  
  31  2:52  Drone  
  31  2:53  Drone  
  33  3:06  Zergling x2, Drone x2  
  33  3:08  Queen  
  33  3:11  Drone  
  33  3:12  Overlord  
  39  3:14  Drone  
  39  3:18  Drone x2  
  42  3:25  Lair  
  43  3:27  Drone  
  43  3:30  Drone x2  
  43  3:33  Drone  
  46  3:38  Drone  
  47  3:41  Drone x4  
  47  3:43  Drone  
  47  3:46  Overlord  
  52  3:49  Extractor  
  52  3:50  Extractor  
  52  3:55  Drone, Evolution Chamber  
  50  3:58  Zergling x2  
  50  4:00  Extractor  
  50  4:04  Drone  
  50  4:05  Zergling x2  
  50  4:06  Zergling x2  
  50  4:08  Drone x2  
  55  4:14  Zergling x2  
  56  4:20  Drone x2  
  56  4:21  Roach Warren  
  57  4:24  Spire  
  57  4:25  Drone x2  
  57  4:26  Drone  
  57  4:27  Drone  
  57  4:28  Drone  
  57  4:29  Drone  
  62  4:35  Zerg Missile Weapons Level 1  
  62  4:36  Drone  
  62  4:37  Drone x2  
  65  4:39  Drone  
  65  4:43  Overlord  
  66  4:46  Extractor  
  66  4:48  Drone  
  66  4:49  Overlord  
  66  4:56  Overlord  
  66  4:59  Overlord  
  66  5:03  Drone x3, Glial Reconstitution  
  66  5:05  Roach x2  
  66  5:07  Overlord  
  72  5:08  Roach  
  72  5:13  Baneling  
  74  5:15  Roach x3  
  80  5:22  Roach x3  
  86  5:40  Roach x10  
  86  5:41  Overlord  
  106  5:44  Overlord  
  106  5:49  Overseer, Overlord  
  105  5:54  Overlord  
  105  5:59  Overlord  
  105  6:08  Mutalisk x5  
  114  6:26  Zerg Flyer Weapons Level 1, Extractor  
  114  6:29  Mutalisk x2  
  114  6:31  Drone x6  
  122  6:36  Mutalisk  
  121  6:42  Mutalisk  
  121  6:43  Hatchery  
  121  6:45  Drone x2  
  114  6:49  Mutalisk, Overlord  
  114  6:51  Overlord  
  114  6:55  Mutalisk  
  116  7:05  Mutalisk  
  116  7:07  Overlord  
  118  7:10  Mutalisk  
  118  7:13  Zergling x10  
  125  7:18  Mutalisk  
  125  7:20  Overlord  
  127  7:24  Mutalisk  
  127  7:26  Drone x6  
  135  7:30  Overlord  
  135  7:36  Mutalisk x2  
  135  7:37  Extractor  
  135  7:38  Drone x2  
  135  7:43  Extractor  
  139  7:46  Overlord  
  139  7:51  Roach  
  139  7:57  Drone  
  139  8:08  Overseer, Ravager  
  139  8:18  Corruptor  
  139  8:19  Corruptor x6  
  153  8:23  Hatchery, Queen  
  153  8:25  Zerg Flyer Weapons Level 2  
  153  8:29  Overlord  
  153  8:30  Corruptor  
  155  8:37  Spine Crawler, Corruptor x2  
  155  8:40  Zergling x18  
  167  8:50  Corruptor x2  
  171  9:02  Corruptor x2  
  171  9:03  Corruptor  
  177  9:11  Corruptor x2  
  177  9:13  Overlord  
  181  9:17  Mutalisk  
  183  9:26  Mutalisk x2  
  183  9:29  Overseer  
  187  9:44  Mutalisk x4  
  182  9:50  Mutalisk  
  184  9:55  Mutalisk  
  174  10:07  Mutalisk x3  
  150  10:15  Mutalisk  
  150  10:17  Zergling x24  
  150  10:19  Drone x2  
  164  10:22  Mutalisk x2  
  168  10:30  Extractor  
  168  10:31  Extractor  
  168  10:35  Mutalisk x3  
  162  10:41  Mutalisk  
  170  10:45  Mutalisk  
  172  10:53  Zerg Flyer Armor Level 1  
  172  10:56  Mutalisk  
  141  11:11  Mutalisk x4  
  133  11:19  Mutalisk x2  
  127  11:26  Corruptor  
  127  11:27  Corruptor  
  127  11:30  Zergling x22  
  142  11:35  Corruptor x2  
  146  11:43  Corruptor x3  
  152  11:53  Corruptor x2  
  156  11:57  Drone x3  
  159  12:02  Corruptor x3  
  159  12:07  Roach x5  
  175  12:28  Roach x11  
  175  12:29  Overlord  
  125  13:25  Roach x33  
  171  13:38  Roach x7  
  185  13:51  Roach x5, Spore Crawler  
  180  14:02  Roach  
  180  14:03  Roach x7  
  184  14:15  Roach x6  
  196  14:24  Ravager  
  196  14:25  Ravager x2  
  193  14:32  Overlord x2  
  193  14:33  Overlord  
  193  14:35  Overlord  
  175  14:42  Overlord  
  175  14:43  Overlord x2  
  175  14:44  Overlord  
  133  14:57  Overlord  
  133  14:58  Overlord  
  133  14:59  Spore Crawler  
  122  15:02  Roach x2  
  122  15:03  Roach x2  
  122  15:04  Overlord x2  
  122  15:05  Roach x4  
  130  15:07  Roach  
  130  15:09  Roach  
  130  15:12  Roach  
  124  15:16  Roach  
  124  15:19  Roach  
  105  15:22  Roach  
  105  15:37  Roach x5  
  115  15:50  Hatchery  
  114  16:00  Hatchery  
  114  16:02  Overlord x2  
  114  16:06  Overlord  
  114  16:13  Overlord  
  114  16:24  Overlord  
  114  16:25  Overlord  
  114  16:29  Overlord  
  114  16:33  Overlord  
  114  16:40  Overlord  
  114  16:45  Ravager x3  
  114  16:46  Roach  
  119  16:50  Roach  
  119  16:51  Roach  
  123  16:55  Roach  
  123  16:59  Overlord  
Show
View Real Time Build Order
Export as new Build Order

TSGSolar Zerg - Winner!

Build Orders: Hatch First 

Get SALT Encoding   

  12  0:01  Drone  
  13  0:12  Overlord  
  13  0:16  Drone  
  14  0:30  Drone  
  14  0:31  Drone  
  16  0:47  Hatchery  
  15  0:51  Drone  
  15  0:54  Drone  
  17  0:58  Drone  
  18  1:08  Extractor  
  17  1:13  Spawning Pool  
  17  1:15  Drone  
  17  1:19  Drone  
  18  1:27  Drone  
  19  1:38  Drone  
  20  1:48  Overlord  
  20  1:59  Queen x2  
  24  2:02  Drone x2  
  24  2:08  Metabolic Boost  
  26  2:12  Drone x2  
  28  2:22  Drone x2  
  30  2:34  Hatchery  
  30  2:35  Zergling x2  
  30  2:37  Drone  
  31  2:45  Drone, Baneling Nest  
  31  2:48  Overlord  
  31  2:53  Drone  
  31  2:54  Drone  
  33  3:04  Drone x2  
  35  3:07  Zergling x2  
  35  3:08  Zergling x2  
  35  3:09  Zergling x2, Drone  
  35  3:10  Drone  
  35  3:11  Drone  
  41  3:15  Evolution Chamber  
  41  3:18  Drone  
  42  3:20  Zergling x2  
  42  3:27  Overlord  
  42  3:30  Drone  
  42  3:31  Baneling  
  43  3:37  Drone  
  44  3:46  Drone x3  
  44  3:47  Drone, Queen  
  49  3:49  Zerg Missile Weapons Level 1  
  49  3:51  Overlord  
  49  3:57  Zergling x2  
  49  3:58  Drone  
  49  3:59  Drone  
  52  4:07  Drone  
  52  4:09  Drone x2  
  55  4:11  Lair  
  55  4:13  Extractor, Roach Warren  
  55  4:14  Extractor  
  52  4:17  Drone x3  
  52  4:18  Overlord  
  52  4:20  Drone x2  
  52  4:21  Drone  
  52  4:22  Drone  
  52  4:24  Drone  
  60  4:28  Drone  
  60  4:34  Drone x2  
  64  4:39  Zergling x2, Extractor  
  64  4:41  Drone  
  64  4:45  Overlord  
  62  4:50  Drone  
  62  4:52  Drone  
  64  4:53  Drone  
  64  4:54  Drone x3  
  64  4:55  Drone x2  
  64  4:56  Drone x2  
  64  4:57  Drone  
  64  4:58  Drone, Extractor  
  73  5:03  Overlord  
  73  5:06  Overlord  
  73  5:09  Overlord  
  73  5:10  Glial Reconstitution  
  73  5:11  Overseer  
  73  5:15  Extractor  
  73  5:18  Spire, Roach x2  
  73  5:21  Roach x3  
  81  5:25  Drone  
  81  5:27  Drone x4  
  81  5:28  Drone  
  86  5:32  Overlord  
  86  5:36  Overlord  
  86  5:37  Overlord  
  86  5:43  Overseer, Overlord  
  86  5:47  Roach x4  
  86  5:49  Overlord  
  94  5:56  Roach x2  
  98  6:00  Roach x2  
  102  6:04  Overlord  
  102  6:05  Hatchery  
  102  6:06  Roach x2  
  102  6:07  Roach  
  102  6:10  Roach x2  
  111  6:17  Roach x5  
  122  6:20  Roach x4  
  129  6:26  Overlord  
  129  6:29  Overlord  
  129  6:33  Ravager x4  
  129  6:36  Roach  
  129  6:37  Overlord  
  129  6:39  Overlord  
  130  6:42  Roach  
  130  6:43  Roach x4  
  130  6:45  Roach  
  130  6:46  Roach  
  136  6:57  Drone, Overlord  
  137  7:06  Hatchery  
  146  7:12  Overlord x2  
  146  7:14  Corruptor x4  
  144  7:17  Spore Crawler  
  144  7:18  Spore Crawler  
  144  7:19  Corruptor  
  144  7:24  Spore Crawler  
  144  7:25  Corruptor  
  144  7:29  Zerg Flyer Armor Level 1  
  145  7:32  Drone x2  
  145  7:33  Drone  
  145  7:35  Corruptor  
  150  7:39  Zerg Missile Weapons Level 2  
  150  7:43  Corruptor  
  152  7:49  Corruptor  
  154  7:53  Drone x6  
  158  7:58  Corruptor  
  158  7:59  Spore Crawler  
  158  8:00  Drone  
  158  8:02  Extractor  
  159  8:06  Corruptor  
  159  8:08  Corruptor  
  163  8:13  Corruptor  
  163  8:19  Corruptor  
  165  8:21  Queen, Spore Crawler  
  165  8:24  Drone  
  165  8:25  Extractor  
  165  8:26  Corruptor  
  170  8:32  Corruptor  
  172  8:37  Corruptor  
  172  8:40  Zergling x2  
  172  8:41  Corruptor  
  175  8:44  Overlord  
  175  8:45  Overlord, Spore Crawler  
  175  8:46  Overlord  
  176  8:48  Drone  
  176  8:50  Drone  
  176  8:51  Drone, Extractor  
  176  8:54  Corruptor  
  178  9:00  Corruptor  
  178  9:01  Corruptor  
  182  9:05  Corruptor  
  182  9:08  Corruptor  
  186  9:15  Corruptor  
  188  9:23  Zerg Flyer Weapons Level 1, Corruptor  
  189  9:29  Spore Crawler  
  189  9:31  Infestation Pit, Spore Crawler  
  186  9:33  Corruptor  
  185  9:39  Corruptor  
  185  9:44  Corruptor  
  183  9:47  Drone x2  
  183  9:49  Roach x6  
  197  9:55  Corruptor  
  197  9:56  Drone  
  200  10:04  Corruptor  
  200  10:05  Corruptor  
  190  10:07  Roach  
  190  10:08  Roach  
  190  10:12  Corruptor  
  175  10:20  Corruptor x2  
  164  10:23  Roach x3  
  164  10:27  Corruptor  
  168  10:34  Hive  
  159  10:39  Corruptor  
  161  10:44  Drone x2  
  161  10:46  Hatchery, Corruptor  
  164  10:51  Roach x4  
  164  10:55  Corruptor  
  166  11:04  Corruptor x2  
  166  11:08  Roach x3  
  164  11:12  Corruptor  
  164  11:15  Roach  
  164  11:16  Roach x2  
  162  11:19  Corruptor  
  162  11:25  Corruptor  
  158  11:27  Corruptor  
  158  11:28  Drone x3  
  167  11:32  Zergling x4  
  167  11:33  Zergling x2  
  167  11:34  Corruptor  
  170  11:41  Corruptor x2  
  174  11:49  Viper  
  174  11:51  Extractor  
  174  11:53  Drone x2  
  178  11:54  Drone  
  178  11:58  Viper  
  182  12:04  Extractor  
  182  12:05  Drone  
  182  12:06  Corruptor, Spore Crawler  
  183  12:09  Corruptor  
  183  12:13  Roach x3  
  190  12:21  Corruptor x2  
  194  12:23  Baneling x2  
  194  12:30  Corruptor x2  
  194  12:35  Baneling x3  
  198  12:39  Zerg Ground Armor Level 1  
  198  12:42  Spore Crawler x2  
  196  12:45  Roach  
  196  12:49  Zergling x2  
  193  13:04  Corruptor x4  
  189  13:07  Corruptor  
  173  13:15  Roach x2  
  173  13:16  Roach x5  
  173  13:17  Roach x3  
  173  13:18  Roach x4  
  193  13:20  Roach  
  193  13:22  Roach  
  183  13:27  Viper x2  
  183  13:30  Roach  
  183  13:31  Roach  
  192  13:38  Roach x3  
  198  13:44  Drone  
  199  13:52  Roach  
  199  13:54  Roach x3  
  200  13:55  Roach  
  200  13:58  Roach x2  
  200  14:00  Roach x3  
  190  14:04  Roach x2  
  190  14:05  Roach  
  184  14:11  Roach x3  
  184  14:15  Spore Crawler  
  184  14:16  Ravager  
  184  14:17  Ravager x4  
  188  14:19  Roach  
  188  14:22  Roach  
  188  14:24  Ravager x2  
  186  14:25  Roach  
  186  14:27  Roach  
  186  14:29  Roach  
  188  14:31  Roach  
  188  14:32  Roach  
  188  14:35  Roach  
  188  14:36  Roach  
  183  14:38  Roach  
  183  14:40  Roach  
  183  14:42  Roach  
  183  14:44  Roach  
  164  14:47  Roach  
  164  14:48  Roach  
  164  14:50  Roach  
  153  14:54  Roach x2  
  153  14:57  Roach  
  153  14:58  Roach  
  152  15:01  Roach  
  152  15:02  Roach  
  152  15:05  Roach  
  148  15:07  Roach  
  148  15:10  Roach  
  134  15:15  Roach  
  134  15:17  Roach  
  134  15:20  Roach  
  131  15:22  Roach  
  131  15:26  Roach  
  133  15:28  Roach  
  133  15:29  Ravager  
  133  15:30  Ravager x2  
  133  15:33  Roach  
  133  15:34  Ravager x2  
  140  15:38  Roach  
  140  15:42  Roach  
  144  15:45  Roach x2  
  144  15:46  Ravager  
  144  15:47  Ravager  
  144  15:49  Roach  
  152  15:53  Roach  
  152  15:55  Roach  
  156  16:00  Roach x2  
  160  16:05  Roach x2  
  160  16:09  Roach x2  
  160  16:10  Ravager x2  
  170  16:15  Roach x2  
  172  16:20  Roach x2  
  172  16:22  Ravager x3  
  172  16:25  Roach  
  181  16:30  Roach x2  
  185  16:35  Roach x2  
  189  16:41  Roach x3  
  189  16:44  Ravager x2  
  189  16:46  Ravager, Roach  
Tags
 
Add a new tag
Caveats
  • Supply blocks, unpowered buildings, or Contaminate may cause inaccurate times.
  • Supply counts are checked every 10 seconds.